 Dungeon Crawl Stone Soup version 0.27-a0-412-g8dd771eca2 (webtiles) character file.

Game seed: 9273064243207605449

25 dickylongcocking the Sneak (level 2, 0/24 HPs)
             Began as a Demonspawn Delver on Feb 23, 2021.
             Slain by a bat (1 damage)
             ... on level 1 of the Dungeon.
             The game lasted 00:01:19 (1085 turns).

dickylongcocking the Sneak (Demonspawn Delver)      Turns: 1085, Time: 00:01:19

Health: 0/24       AC:  4    Str: 12    XL:     2   Next: 82%
Magic:  2/2        EV: 12    Int: 11    God:
Gold:   0          SH:  0    Dex: 14    Spells: 1/1 levels left

rFire    . . .     SeeInvis .   a - +0 short sword
rCold    . . .     Faith    .   (no shield)
rNeg     . . .     Spirit   .   b - +0 leather armour
rPois    .         Reflect  .   e - +0 helmet
rElec    .         Harm     .   (no cloak)
rCorr    .         Rampage  .   (no gloves)
Will     .....                  (no boots)
Stlth    ++........             (no amulet)
HPRegen  0.08/turn              (no ring)
MPRegen  0.08/turn              (no ring)

@: brilliant
A: hooves 1
a: no special abilities


You were on level 1 of the Dungeon.
You visited 1 branch of the dungeon, and saw 5 of its levels.

Inventory:

Hand Weapons
 a - a +0 short sword (weapon)
Armour
 b - a +0 leather armour (worn)
 e - a +0 helmet (worn)
Wands
 g - a wand of digging (1)
Scrolls
 c - a scroll of fog
 h - 2 scrolls of identify {unknown}


   Skills:
 - Level 3.0 Fighting
 * Level 2.9 Short Blades
 - Level 1.7 Dodging
 - Level 4.6 Stealth


You had one spell level left.
You didn't know any spells.
Your spell library was empty.

Dungeon Overview and Level Annotations

Branches:
Dungeon (5/15)
 Temple: D:4-7

Altars:

Annotations:
D:3 2 transporters, Ijyb; delverdan's ghost, weakling DgGl


Innate Abilities, Weirdness & Mutations

You have large cloven feet.


Message History

* * * LOW HITPOINT WARNING * * *
A hobgoblin comes into view. It is wielding a +0 club.
The bat misses you.
You hit the bat. Your kick misses the bat.
The bat is severely wounded.
The bat hits you.
* * * LOW HITPOINT WARNING * * *
The bat hits you but does no damage.
You closely miss the bat.
The bat is heavily wounded.
The bat hits you but does no damage. The bat barely misses you.
Found a white potion.
The bat hits you but does no damage.
A kobold comes into view. It is wielding a +0 short sword.
The bat closely misses you. The bat closely misses you.
You hit the rat.
The rat is heavily wounded.
The bat misses you.
The rat bites you but does no damage. x2
You hit the rat.
You kill the rat!
The bat hits you but does no damage. The rat completely misses you.
The bat closely misses you.
You hit the rat.
You kill the rat!
The bat barely misses you.
A rat comes into view.
The bat hits you but does no damage.
You closely miss the bat. Your kick misses the bat.
The bat hits you but does no damage.
You hit the bat but do no damage. The bat barely misses you.
The bat hits you but does no damage.
You miss the bat. The bat hits you.
* * * LOW HITPOINT WARNING * * *
You hit the bat. Your kick misses the bat.
The bat is severely wounded.
The kobold shouts!
The bat hits you.
You die...

.g .. .##### b# ..#.. .#
...### ##.# ....###..##
##.........
#.#.#######..###.#.##
rK.....@bl.........)####
...######g.#####.#......
#†## #......### ..!#
#......### #####
#......##. #...?..#..
#######... ... ...


You could see a goblin, a bat, a kobold, a frilled lizard and a rat (wandering).

Vanquished Creatures
  An adder (D:2)
  A dart slug (D:3)
  A bat (D:3)
  A giant cockroach (D:2)
  A hobgoblin (D:1)
  3 jackals (D:2)
  A kobold (D:2)
  4 rats
13 creatures vanquished.

Vanquished Creatures (others)
  A leopard gecko (D:3)
1 creature vanquished.

Grand Total: 14 creatures vanquished

Notes
Turn   | Place    | Note
-------+----------+-------------------------------------------
     0 | D:5      | dickylongcocking the Demonspawn Delver began the quest for
                  | the Orb.
     0 | D:5      | Reached XP level 1. HP: 18/18 MP: 1/1
    31 | D:4      | Noticed an orc priest
    33 | D:4      | Noticed an orc wizard
   303 | D:3      | Noticed delverdan's ghost (weakling DgGl)
   334 | D:3      | Noticed Ijyb
   371 | D:3      | Found a transporter.
   386 | D:3      | Found a transporter.
   487 | D:2      | Gained mutation: You have large cloven feet. [demonic
                  | ancestry]
   487 | D:2      | Reached XP level 2. HP: 3/24 MP: 2/2
  1069 | D:1      | HP: 1/24 [bat (1)]
  1084 | D:1      | HP: 1/24 [bat (1)]
  1085 | D:1      | Slain by a bat

Illustrated notes

Levels and vault maps discovered:
D:1:      roderic_dead_forest, layout_rooms
D:2:      layout_loops_ring
D:3:      layout_loops_corners, lemuel_zombie_altar_yredelemnul,
          gammafunk_ghost_mausoleum, uniq_ijyb, uniq_jessica, uniq_robin
D:4:      layout_basic, minmay_temple_entry_waves
D:5:      layout_layer_cave

Skill      XL: |  1 |
---------------+----+-----
Short Blades   | 2 |  2.9
Fighting       | |  3.0
Dodging        | |  1.7
Stealth        | |  4.6

Action                   || total
-------------------------++-------
Melee: Short sword       ||    58
       Kick              ||     3
Evoke: Wand              ||     2
  Use: Scroll            ||     2
       Potion            ||     2
 Stab: Sleeping          ||     1
Armor: Leather armour    ||    25
Dodge: Dodged            ||    45

Table legend: (Time is in decaauts)
 A = Elapsed time spent in this place.
 B = Non-inter-level travel time spent in this place.
 C = Inter-level travel time spent in this place.
 D = Time resting spent in this place.
 E = Time spent auto-exploring this place.
 F = Levels seen in this place.
 G = Mean time per level.
                   A        B        C        D        E       F      G
               +--------+--------+--------+--------+--------+-----+--------+
         Total |   1068 |   1068 |      0 |    771 |     60 |   5 |  213.6 |
       Dungeon |   1068 |   1068 |      0 |    771 |     60 |   5 |  213.6 |
               +--------+--------+--------+--------+--------+-----+--------+

Top non-repeatable levels by time:
     D:2: 629 daAuts
     D:3: 351 daAuts
     D:1: 48 daAuts
     D:4: 32 daAuts
     D:5: 6 daAuts
